Map: Cerulean Fall LE

Players

Future - Winner!

  • Race: Terran Terran
  • League: Grandmaster
  • Spawn Location: 1:00

puCK (Nina)

  • Race: Protoss Protoss
  • League: Grandmaster
  • Spawn Location: 7:00

Event: Cheeseadelphia 8

VOD

Have the link to the VOD?

Description

Time

  • Played on: Dec. 9, 2018, 7:13 p.m.
  • Length: 11:40

All games in this series

Show
View Real Time Build Order
Export as new Build Order

Future Terran - Winner!

Build Orders: Cyclone Opening 

Get SALT Encoding   

  12  0:00  SCV  
  13  0:12  SCV  
  14  0:17  Supply Depot  
  14  0:25  SCV  
  15  0:39  SCV  
  15  0:41  Barracks  
  16  0:46  Refinery  
  16  0:51  SCV  
  16  0:54  Refinery  
  17  1:03  SCV  
  18  1:15  SCV  
  19  1:28  Reaper  
  19  1:29  Orbital Command  
  20  1:34  Supply Depot  
  20  1:46  Factory  
  20  1:54  SCV  
  20  2:01  Reaper  
  22  2:06  SCV  
  23  2:10  Supply Depot  
  23  2:18  SCV  
  24  2:31  Factory Tech Lab, SCV, Starport  
  28  2:51  Cyclone  
  28  2:56  SCV  
  29  3:00  Barracks Reactor  
  29  3:06  Command Center  
  29  3:11  SCV  
  30  3:18  Starport Tech Lab  
  29  3:23  SCV  
  29  3:24  Siege Tank  
  32  3:35  SCV  
  32  3:36  Marine  
  32  3:37  Marine  
  32  3:41  Supply Depot  
  35  3:46  Banshee  
  38  3:48  SCV  
  39  4:02  Marine x2, SCV  
  42  4:05  Siege Tank  
  45  4:14  SCV  
  46  4:17  Orbital Command  
  46  4:20  Marine x2  
  48  4:26  SCV  
  48  4:29  Banshee  
  52  4:38  Marine x2  
  52  4:39  SCV, Orbital Command  
  55  4:51  SCV  
  56  4:54  Siege Tank  
  56  4:56  Marine x2  
  56  4:57  Liberator  
  61  5:04  SCV  
  61  5:05  Supply Depot  
  62  5:09  SCV  
  63  5:16  SCV  
  63  5:17  Marine x2  
  63  5:21  SCV  
  70  5:28  SCV  
  70  5:30  Command Center  
  70  5:31  Engineering Bay  
  70  5:33  SCV  
  72  5:38  Marine  
  72  5:39  Marine  
  72  5:42  SCV  
  75  5:45  Refinery, SCV  
  75  5:47  Factory Reactor  
  75  5:48  Refinery  
  76  5:57  SCV  
  76  6:01  Missile Turret  
  76  6:02  Missile Turret, SCV  
  75  6:12  SCV  
  75  6:13  Barracks  
  75  6:15  SCV  
  75  6:17  Starport Reactor  
  77  6:24  SCV  
  78  6:26  Stimpack  
  78  6:29  Marine  
  78  6:31  Factory Reactor, SCV  
  75  6:38  SCV  
  64  6:45  Barracks  
  62  6:47  Marine  
  62  6:48  Barracks  
  62  6:53  Orbital Command  
  63  6:54  SCV x2  
  63  6:55  Barracks  
  63  6:56  Terran Infantry Weapons Level 1  
  63  7:00  Marine x2  
  67  7:06  SCV  
  67  7:07  SCV  
  69  7:10  Marauder  
  69  7:12  Medivac  
  69  7:14  Medivac, Orbital Command  
  75  7:18  SCV  
  75  7:19  SCV  
  75  7:22  Marine x2  
  79  7:23  Widow Mine  
  79  7:26  Widow Mine  
  83  7:31  Supply Depot, SCV  
  83  7:32  Supply Depot, SCV  
  82  7:40  Marine, Marauder  
  82  7:43  Marine, SCV  
  85  7:44  SCV  
  85  7:48  SCV  
  84  7:51  Marine  
  84  7:52  Marauder  
  84  7:55  SCV  
  84  7:56  SCV  
  89  8:00  SCV  
  89  8:01  Marauder  
  92  8:06  Marine, Barracks Tech Lab  
  92  8:07  Marine, SCV  
  92  8:08  SCV, Widow Mine x2  
  92  8:09  Marine  
  101  8:13  Medivac, Supply Depot, SCV, Marauder  
  101  8:14  Supply Depot  
  101  8:15  Medivac, Supply Depot  
  108  8:20  SCV  
  109  8:31  Supply Depot  
  109  8:33  Supply Depot x2  
  109  8:34  Marine x4, SCV  
  109  8:35  SCV, Marauder  
  109  8:36  Marauder, Widow Mine  
  109  8:37  Widow Mine  
  123  8:42  Marauder  
  125  8:51  Terran Infantry Armor Level 1  
  125  8:53  Marine x2  
  125  8:54  Marine  
  116  8:56  Marauder  
  116  8:57  Marine x2, Widow Mine  
  116  8:58  Widow Mine  
  99  9:03  Marauder  
  100  9:11  Marine x2  
  100  9:12  Marine  
  100  9:14  Marine  
  100  9:15  Marauder  
  87  9:18  Marauder  
  71  9:25  Marauder  
  71  9:29  Marine x2  
  67  9:36  Marine  
  67  9:37  Marine, Marauder  
  71  9:39  Marauder  
  71  9:41  Medivac x2  
  79  9:45  Widow Mine  
  79  9:49  Widow Mine  
  81  9:53  Marauder  
  81  9:54  Marine  
  81  9:55  Marine  
  83  10:00  Marauder  
  83  10:01  Marine  
  83  10:02  Marine  
  83  10:04  Marine  
  88  10:07  Widow Mine  
  88  10:11  Widow Mine  
  88  10:12  Marine  
  93  10:18  Marauder  
  93  10:20  Marine x3  
  98  10:21  Marauder  
  98  10:22  Marine  
  98  10:24  Medivac  
  98  10:27  Medivac  
  105  10:30  Marine  
  106  10:36  Widow Mine x2  
  106  10:41  Marine x2, Marauder  
  106  10:42  Marine  
  109  10:47  Marine  
  105  11:01  Marine  
Show
View Real Time Build Order
Export as new Build Order

puCK Protoss 

Build Orders: Oracle Opening 

Get SALT Encoding   

  12  0:00  Probe  
  13  0:12  Probe  
  14  0:18  Pylon  
  14  0:25  Probe  
  15  0:33  Probe  
  15  0:39  Gateway  
  15  0:41  Probe  
  17  0:50  Assimilator  
  17  0:51  Probe  
  18  1:03  Probe  
  19  1:15  Assimilator, Probe  
  20  1:26  Cybernetics Core  
  20  1:27  Probe  
  20  1:28  Zealot  
  23  1:40  Pylon  
  23  1:54  Adept  
  23  1:58  Probe  
  24  2:04  Stargate  
  26  2:10  Probe  
  26  2:12  Pylon  
  26  2:15  Warp Gate  
  27  2:20  Stalker  
  27  2:22  Probe  
  30  2:34  Probe  
  34  3:04  Nexus, Probe  
  35  3:20  Robotics Facility  
  35  3:22  Oracle  
  35  3:33  Pylon  
  35  3:41  Pylon  
  35  3:45  Shield Battery  
  35  3:51  Probe  
  35  3:52  Oracle  
  36  4:02  Gateway  
  39  4:09  Immortal  
  42  4:21  Stalker  
  45  4:27  Oracle  
  45  4:28  Gateway  
  47  4:39  Probe  
  47  4:43  Probe  
  49  4:51  Probe  
  49  4:52  Stalker  
  52  4:57  Probe  
  52  4:59  Zealot  
  57  5:08  Probe  
  57  5:12  Probe  
  59  5:15  Observer  
  59  5:20  Probe  
  60  5:24  Probe  
  60  5:26  Shield Battery  
  62  5:29  Pylon  
  60  5:35  Pylon  
  60  5:45  Twilight Council  
  60  5:47  Probe  
  60  5:48  Observer  
  62  5:53  Probe  
  62  5:54  Stalker  
  62  5:56  Stalker  
  67  5:57  Pylon  
  67  6:00  Probe, Pylon  
  68  6:06  Stalker  
  70  6:17  Probe x2  
  72  6:19  Immortal  
  72  6:22  Gateway  
  72  6:25  Zealot x2  
  80  6:34  Probe  
  80  6:39  Stalker  
  75  6:40  Probe  
  76  6:48  Stalker x2  
  76  6:51  Pylon  
  76  6:54  Assimilator  
  80  6:57  Assimilator  
  80  6:58  Gateway  
  80  7:02  Warp Prism  
  80  7:06  Charge, Stalker  
  84  7:16  Probe  
  84  7:18  Pylon  
  84  7:21  Gateway  
  85  7:26  Probe  
  85  7:27  Gateway  
  85  7:29  Probe  
  87  7:41  Zealot x4  
  95  7:57  Zealot  
  97  8:02  Pylon  
  97  8:06  Pylon  
  97  8:13  Templar Archives  
  97  8:15  Nexus  
  97  8:20  Sentry x2  
  97  8:21  Zealot  
  97  8:23  Zealot  
  97  8:26  Zealot  
  107  8:33  Stalker  
  109  8:37  Zealot  
  111  8:42  Zealot, Pylon  
  111  8:47  Zealot  
  99  9:00  Zealot x3  
  99  9:01  Zealot  
  93  9:15  Zealot x3  
  83  9:30  Probe x2  
  71  9:36  High Templar x4  
  72  9:41  Archon x2  
  72  9:42  Zealot x3  
  72  9:43  Forge  
  78  9:48  Immortal  
  78  9:54  Probe x2  
  84  10:03  High Templar x2  
  84  10:04  Probe  
  84  10:06  Probe  
  90  10:07  Archon  
  90  10:08  Zealot  
  92  10:16  Zealot x2  
  96  10:22  Zealot x2  
  96  10:23  Probe  
  96  10:27  Probe x2  
  101  10:41  Probe x2  
  103  10:42  Pylon  
  103  10:45  High Templar x2  
  103  10:46  Zealot x3  
  113  10:50  Archon  
  113  10:54  Robotics Bay  
  103  11:04  Zealot x2  
  103  11:11  Zealot x3  
  83  11:20  Zealot x2  
  52  11:26  Zealot  
  52  11:31  High Templar  
  52  11:32  High Templar  
Tags
 
Add a new tag
Caveats
  • Supply blocks, unpowered buildings, or Contaminate may cause inaccurate times.
  • Supply counts are checked every 10 seconds.